 Dungeon Crawl Stone Soup version 0.31-a0-664-g902f515a81 (webtiles) character file.

Game seed: 13695823345695150681

1641 demibob the Slicer (level 8, -2/52 HPs)
             Began as a Demonspawn Chaos Knight on Sept 2, 2023.
             Was a Plaything of Xom.
             Shot with an arrow by a centaur (9 damage)
             ... on level 8 of the Dungeon.
             The game lasted 00:07:02 (3893 turns).

demibob the Slicer (Demonspawn Chaos Knight)        Turns: 3893, Time: 00:07:04

Health: -2/52      AC: 11    Str: 17    XL:     8   Next: 66%
Magic:  7/7        EV: 11    Int: 14    God:    Xom [.....*]
Gold:   1222       SH:  0    Dex: 15    Spells: 7/7 levels left

rFire   . . .        f - +3 quick blade "Bideen" {venom, Str+5}
rCold   . . .        (no shield)
rNeg    . . .        b - +2 leather armour
rPois   +            (no helmet)
rElec   .            (no cloak)
rCorr   .            (gloves unavailable)
SInv    .            j - +1 pair of boots
Will    .....        (no amulet)
Stlth   +            T - +4 ring of protection
HPRegen 0.28/turn    P - ring of poison resistance
MPRegen 0.20/turn

%: no passive effects
@: no status effects
A: spiny 1, magic regeneration, sturdy frame 1, demonic touch 3, frail 1, low MP
1, passive freeze, screaming 1
a: Renounce Religion


You were on level 8 of the Dungeon.
You worshipped Xom.
You were Xom's teddy bear.
You visited 1 branch of the dungeon, and saw 8 of its levels.

You collected 1222 gold pieces.


Innate Abilities, Weirdness & Mutations

You are partially covered in sharp spines.
You regenerate magic rapidly.
Your movements are slightly less encumbered by armour. (ER -2)
Your touch may irresistibly damage your foes and sap their willpower.
You are frail. (-10% HP)
Your magical capacity is low. (-10% MP)
A frigid envelope surrounds you and freezes all who hurt you.
You occasionally shout uncontrollably at your foes.


   Skills:
 - Level 3.0 Fighting
 * Level 9.7 Short Blades
 - Level 3.7 Polearms
 - Level 1.7 Armour
 - Level 0.8 Dodging


You had 7 spell levels left.
You didn't know any spells.
Your spell library contained the following spells:

 Spells                   Type           Power      Damage    Failure   Level
 Blink                    Tloc           0%         N/A       41%         2
 Lesser Beckoning         Tloc           0%         N/A       41%         2
 Momentum Strike          Conj/Tloc      0%         3d8       41%         2

Inventory:

Hand Weapons
 a - a +1 spear of chaos
 f - the +3 quick blade "Bideen" (weapon) {venom, Str+5}
   (You acquired it on level 1 of the Dungeon)

   Str+5:     It affects your strength (+5).
Missiles
 n - 3 throwing nets {=f}
Armour
 b - a +2 leather armour (worn)
 g - a +2 pair of gloves of stealth
 j - a +1 pair of boots (worn)
 o - a +2 pair of boots
 x - a +0 helmet
Magical Staves
 t - a staff of air {!a}
Jewellery
 M - a ring of magical power
 P - a ring of poison resistance (right hand)
 R - a ring of resist corrosion
 T - a +4 ring of protection (left hand)
Wands
 i - a wand of digging (3)
 s - a wand of polymorph (7)
Scrolls
 c - a scroll of butterflies
 d - a scroll of noise
 h - a scroll of revelation
 l - 4 scrolls of teleportation {@r2}
 u - a scroll of enchant armour
Potions
 e - 3 potions of curing {@q1}
 k - a potion of cancellation
 m - a potion of brilliance {unknown}
 p - 2 potions of enlightenment
 q - a potion of lignification
 r - a potion of mutation {unknown}
 v - a potion of attraction
 w - a potion of ambrosia {unknown}
 z - 2 potions of might {unknown}

Dungeon Overview and Level Annotations

Branches:
Dungeon (9/15)             Temple (0/1) D:5
   Lair: D:8-11         Orc: D:9-12

Altars:
Nemelex Xobeh

Shops:
D:4 [

Annotations:
D:3 2 transporters, GoodGuyCap's ghost, amateur OpSh

..# .....
#.##.....
.§§{D....
##..§..### ..
#.§)§..... ~..
#c)§...# ...##
#)######
.....####)#
▒▒▒▒....@▒▒
▒>.▒▒...▒▒
▒...▒...▒
▒▒.'▒...▒+
##▒▒▒.....▒▒▒#
#...†..........
#.$....♣.......
#.............#
##▒▒▒.)...▒▒▒##


You could see a steam dragon (distracted, catching breath, ally target), a
centaur and a friendly +0 club.


Message History

The ball of steam hits you!!
* * * LOW HITPOINT WARNING * * *
A shower of butterflies erupts from you!
Things that are here:
a +0 dagger; 7 poisoned darts; a kobold corpse Unknown command.
You are engulfed in a cloud of scalding steam.
* * * LOW HITPOINT WARNING * * *
The centaur is engulfed in a cloud of scalding steam.
Your butterfly is engulfed in a cloud of scalding steam.
Your butterfly dies!
Your butterfly disappears in a puff of smoke!
Things that are here:
a +0 dagger; 6 poisoned darts; a kobold corpse You feel better.
You are engulfed in a cloud of scalding steam.
* * * LOW HITPOINT WARNING * * *
The centaur unwields a +3 orcbow.
The centaur is struck by your spines. The centaur barely misses you.
The centaur closely misses you.
The centaur wields a +3 orcbow.
The centaur shoots an arrow.
The arrow barely misses you.
You see here a +2 short sword of flaming.
The centaur shoots an arrow.
The arrow hits you.
* * * LOW HITPOINT WARNING * * *
Your +0 club completely misses the steam dragon.
The steam dragon breathes steam at your +0 club.
The ball of steam misses your +0 club.
The centaur shoots an arrow.
The arrow hits you!
You die... "What!?
That's it?"

Skill      XL: |  1  2  3  4  5  6  7  8 |
---------------+-------------------------+-----
Polearms       | 3 |  3.7
Short Blades   | 2 3 4 6 8 9 |  9.7
Fighting       | |  3.0
Armour         | |  1.7
Dodging        | |  0.8

Action                     |  1- 3 |  4- 6 |  7- 9 || total
---------------------------+-------+-------+-------++-------
  Melee: Spear             |    66 |       |       ||    66
         Quick blade       |    43 |    82 |    78 ||   203
         Touch             |    10 |    22 |    14 ||    46
         Punch             |     1 |     1 |     2 ||     4
    Use: Scroll            |     3 |     4 |     7 ||    14
         Potion            |       |       |     1 ||     1
   Stab: Sleeping          |     5 |     5 |       ||    10
         Confused          |       |     1 |     1 ||     2
         Distracted        |       |     2 |       ||     2
 Armour: Leather armour    |    40 |    25 |    34 ||    99
  Dodge: Dodged            |    35 |    20 |    21 ||    76

Levels and vault maps discovered:
D:1:      eino_arrival_cavern_d, layout_loops_corners
D:2:      layout_rooms, hellmonk_ecumenical_altar_crossroads
D:3:      layout_loops_ring, gammafunk_ghost_arena
D:4:      layout_cave_pools, nemelex_spade_bored_becter, serial_shops,
          nicolae_shop_rolling_square, minmay_snake_closets
D:5:      layout_loops_ring, minmay_temple_entry_arrows
D:6:      layout_rooms, mainiacjoe_overflow_swirl, hangedman_glass_teeth
D:8:      layout_basic, grunt_ministairs_6, grunt_decor_cap, uniq_gastronok
D:9:      layout_gridville, orc_0_dummy, minivault_1, nicolae_eternal_life

Notes
Turn   | Place    | Note
-------+----------+-------------------------------------------
     0 | D:1      | demibob the Demonspawn Chaos Knight began the quest for the
                  | Orb.
     0 | D:1      | Reached XP level 1. HP: 18/18 MP: 1/1
    74 | D:1      | Reached skill level 3 in Polearms
   185 | D:1      | XOM: silly message
   228 | D:1      | Gained mutation: Your touch may inflict minor irresistible
                  | damage on your foes. [demonic ancestry]
   228 | D:1      | Reached XP level 2. HP: 24/24 MP: 2/2
   659 | D:1      | XOM: cast spell 'Summon Ice Beast'
   710 | D:1      | XOM: summons 4 hostile shadow creatures
   714 | D:1      | XOM: smoke on damage
   737 | D:1      | XOM: give mutations
   737 | D:1      | Gained mutation: Your magical capacity is low. (-10% MP)
                  | [Xom's mischief]
   737 | D:1      | Gained mutation: You sometimes lose your temper in combat.
                  | [Xom's mischief]
   737 | D:1      | Gained mutation: You occasionally shout uncontrollably at
                  | your foes. [Xom's mischief]
   737 | D:1      | Lost mutation: You sometimes lose your temper in combat.
                  | [Xom's mischief]
   843 | D:1      | Identified a scroll of acquirement
   843 | D:1      | Acquired the +3 quick blade "Bideen" {venom, Str+5}
   857 | D:1      | XOM: give mutation
   857 | D:1      | Gained mutation: You are frail. (-10% HP) [Xom's mischief]
   871 | D:1      | Gained mutation: Your movements are slightly less
                  | encumbered by armour. (ER -2) [demonic ancestry]
   871 | D:1      | Reached XP level 3. HP: 26/26 MP: 2/2
   919 | D:2      | Reached skill level 1 in Short Blades
   992 | D:2      | Found a faded altar of an unknown god.
  1020 | D:2      | XOM: give mutation
  1020 | D:2      | Gained mutation: A frigid envelope surrounds you and
                  | freezes all who hurt you. [Xom's grace]
  1428 | D:3      | Reached skill level 2 in Short Blades
  1486 | D:3      | Gained mutation: You regenerate magic rapidly. [demonic
                  | ancestry]
  1486 | D:3      | Reached XP level 4. HP: 30/31 MP: 3/3
  1487 | D:3      | XOM: divination: magic mapping
  1492 | D:3      | XOM: swap monsters
  1687 | D:3      | Reached skill level 3 in Short Blades
  1701 | D:3      | Noticed GoodGuyCap's ghost (amateur OpSh)
  1706 | D:3      | Found a transporter.
  1709 | D:3      | Found a transporter.
  1906 | D:3      | Gained mutation: Your touch may inflict irresistible damage
                  | on your foes. [demonic ancestry]
  1906 | D:3      | Reached XP level 5. HP: 30/36 MP: 4/4
  1974 | D:3      | XOM: silly message
  2032 | D:4      | XOM: 5-stop teleportation journey
  2037 | D:4      | Reached skill level 4 in Short Blades
  2151 | D:4      | Noticed an ogre
  2154 | D:4      | XOM: chaos cloud
  2157 | D:4      | XOM: enchant monster (good)
  2164 | D:4      | Reached XP level 6. HP: 42/42 MP: 5/5
  2200 | D:4      | XOM: god gift: bubbling purple potion {god gift}
  2202 | D:4      | Reached skill level 5 in Short Blades
  2241 | D:4      | Found Xilevy Wada's Armour Boutique.
  2483 | D:4      | Reached skill level 6 in Short Blades
  2483 | D:4      | Gained mutation: Your touch may irresistibly damage your
                  | foes and sap their willpower. [demonic ancestry]
  2483 | D:4      | Reached XP level 7. HP: 42/46 MP: 6/6
  2504 | D:4      | XOM: god gift: wand of polymorph (7)
  2513 | D:4      | Found a sparkling altar of Nemelex Xobeh.
  2624 | D:4      | XOM: cloud trail
  2657 | D:5      | Entered Level 5 of the Dungeon
  2825 | D:5      | XOM: polymorph ogre -> wolf
  2964 | D:5      | XOM: confuse monster(s)
  2971 | D:5      | Reached skill level 7 in Short Blades
  2976 | D:5      | Found a staircase to the Ecumenical Temple.
  3397 | D:6      | Reached skill level 8 in Short Blades
  3397 | D:6      | Gained mutation: You are partially covered in sharp spines.
                  | [demonic ancestry]
  3397 | D:6      | Reached XP level 8. HP: 52/52 MP: 7/7
  3645 | D:6      | XOM: god gift: 877 gold pieces
  3661 | D:6      | Reached skill level 9 in Short Blades
  3729 | D:6      | You fall into a shaft and drop 3 floors!
  3889 | D:8      | XOM: butterfly on damage
  3893 | D:8      | Shot with an arrow by a centaur

Vanquished Creatures
  2 ice beasts
  2 ogres
  A sky beast (D:6)
  A black bear (D:5)
  A wolf (D:5)
  A phantom (D:4)
  2 centaurs
  2 bullfrogs (D:8)
  A kobold brigand (D:8)
  A scorpion (D:4)
  2 howler monkeys (D:6)
  4 hounds
  A sleepcap (D:4)
  An iguana (D:6)
  An orc wizard (D:3)
  4 gnolls (D:3)
  13 adders
  A shadow imp (D:6)
  An ufetubus (D:6)
  3 worms
  A dart slug (D:1)
  4 orcs (D:3)
  5 endoplasms
  4 giant cockroaches
  9 goblins
  5 hobgoblins
  7 jackals
  7 kobolds
  5 quokkas
  12 ball pythons
  2 bats
  5 frilled lizards
  5 rats
116 creatures vanquished.

Vanquished Creatures (collateral kills)
  A goblin (D:1)
1 creature vanquished.

Vanquished Creatures (others)
  A kobold (D:8)
1 creature vanquished.

Grand Total: 118 creatures vanquished

Table legend: (Time is in decaauts)
 A = Elapsed time spent in this place.
 B = Non-inter-level travel time spent in this place.
 C = Inter-level travel time spent in this place.
 D = Time resting spent in this place.
 E = Time spent auto-exploring this place.
 F = Levels seen in this place.
 G = Mean time per level.
                   A        B        C        D        E       F      G
               +--------+--------+--------+--------+--------+-----+--------+
         Total |   3879 |   3774 |    105 |    255 |   2926 |   8 |  484.9 |
       Dungeon |   3879 |   3774 |    105 |    255 |   2926 |   8 |  484.9 |
               +--------+--------+--------+--------+--------+-----+--------+

Top non-repeatable levels by time:
     D:1: 865 daAuts
     D:4: 640 daAuts
     D:5: 616 daAuts
     D:3: 609 daAuts
     D:2: 538 daAuts
     D:6: 448 daAuts
     D:9: 88 daAuts
     D:8: 72 daAuts

Table legend:
 A = Non-vault XP
 B = Vault XP
 C = Vault XP percentage of total XP
 D = Non-vault monster count
 E = Vault monster count
 F = Vault count percentage of total count
                 A         B        C        D         E       F
            +---------+---------+-------+---------+---------+-------
      Total |    2079 |     266 |  11.3 |     103 |      14 |  12.0
            +---------+---------+-------+---------+---------+-------
        D:1 |      41 |       0 |   0.0 |      22 |       0 |   0.0
        D:2 |      48 |       0 |   0.0 |      21 |       0 |   0.0
        D:3 |     154 |       0 |   0.0 |      21 |       0 |   0.0
        D:4 |     455 |      76 |  14.3 |      16 |      12 |  42.9
        D:5 |     545 |       0 |   0.0 |       7 |       0 |   0.0
        D:6 |     626 |       0 |   0.0 |      11 |       0 |   0.0
        D:8 |     210 |     190 |  47.5 |       5 |       2 |  28.6
            +---------+---------+-------+---------+---------+-------
